 Dungeon Crawl Stone Soup version 0.14.0-18-g0341e45 (webtiles) character file.

122213 Sabsy the Blocker (level 16, 0/115 HPs)
             Began as a Minotaur Chaos Knight on Apr 18, 2014.
             Was a Plaything of Xom.
             Incinerated by a hell hog (2 damage)
             ... with a sticky flame
             ... on Level 1 of the Abyss on Apr 20, 2014.
             The game lasted 02:55:46 (25561 turns).

Sabsy the Blocker (Minotaur Chaos Knight)          Turns: 25561, Time: 02:55:46

HP   0/115       AC 25     Str 22      XL: 16   Next: 25%
MP  31/31        EV 11     Int 13      God: Xom
Gold 3912        SH 29     Dex  7      Spells:  0 memorised, 15 levels left

rFire  + . .     SeeInvis .     b - +7 Singing Sword
rCold  + + +     Clarity  .     M - +3 ice dragon armour
rNeg   . . .     Conserve .     p - +0 shield {AC+3}
rPois  +         rCorr    .     K - +0 hat "Traph" {+Rage MR+ Dex-5}
rElec  +         rRot     .     G - +1 cloak {+Inv}
SustAb . .       Spirit   .     m - -1 pair of gloves
rMut   .         Warding  .     (boots unavailable)
Saprov . . .     Stasis   .     k - amulet of rage
MR     ++...                    D - ring of poison resistance
                                H - ring of protection from fire

@: liquid flames, glowing, very resistant to hostile enchantments, extremely
unstealthy
A: retaliatory headbutt, hooves 3, horns 2, repulsion field 1, molten scales 1,
yellow scales 1, clever 2, herbivore 1, high mp 1, spit poison 1, wild magic 1,
evolution 1
a: Spit Poison, Renounce Religion, Evoke Berserk Rage, Evoke Invisibility


You were on level 1 of the Abyss.
You worshipped Xom.
You were a favourite toy of Xom.
You were not hungry.

You visited 3 branches of the dungeon, and saw 23 of its levels.
You visited the Abyss 1 time.
You also visited: Labyrinth, Ice Cave and Volcano.

You collected 3912 gold pieces.

Inventory:

Hand weapons
 a - a +4,+2 morningstar of holy wrath
 b - the +7,+7 Singing Sword (weapon)
   (You found it on level 4 of the Dungeon)
Armour
 f - the +2 pair of boots "Mejitaq" {rC+ rN+ Acc+4}
   (You found it in an ice cave)

   It affects your accuracy with ranged weapons and melee attacks (+4).
   It protects you from cold.
   It protects you from negative energy.
 g - a +2 buckler of cold resistance
 m - a -1 pair of gloves (worn)
 p - a +0 shield of protection (worn)
 G - a +1 cloak of darkness (worn)
 K - the +0 hat "Traph" (worn) {+Rage MR+ Dex-5}
   (Xom gifted it to you on level 2 of the Lair of Beasts)

   It affects your dexterity (-5).
   It affects your resistance to hostile enchantments.
   It lets you go berserk.
 M - a +3 ice dragon armour (worn)
Magical devices
 e - a wand of confusion (7)
 q - a wand of cold (0)
 s - a wand of lightning (0)
 u - a wand of teleportation (1)
 J - a wand of disintegration (22)
 N - a wand of polymorph (7)
 R - a wand of fire (0)
 W - a wand of digging (11)
Comestibles
 c - 9 bread rations
Scrolls
 h - 3 scrolls of blinking
 i - a scroll of remove curse
 t - 7 scrolls of identify
 x - a scroll of magic mapping
 X - a scroll of enchant armour
Jewellery
 k - an amulet of rage (around neck)
 y - an uncursed ring of flight
 D - a ring of poison resistance (right hand)
 H - a ring of protection from fire (left hand)
 T - an uncursed ring of sustain abilities
Potions
 d - 2 potions of mutation
 n - 2 potions of brilliance
 A - a potion of invisibility
 E - 4 potions of might
 F - 2 potions of agility
 P - 3 potions of flight
Books
 l - a book of Spatial Translocations

   Spells                             Type                      Level
   Apportation                        Translocation                1
   Blink                              Translocation                2
   Shroud of Golubria                 Charms/Translocation         2
   Portal Projectile                  Translocation                3
   Teleport Other                     Translocation                3
   Passage of Golubria                Translocation                4
 Q - a book of War Chants

   Spells                             Type                      Level
   Fire Brand                         Charms/Fire                  2
   Freezing Aura                      Charms/Ice                   2
   Shroud of Golubria                 Charms/Translocation         2
   Repel Missiles                     Charms/Air                   2
   Poison Weapon                      Charms/Poison                3
   Regeneration                       Charms/Necromancy            3
Miscellaneous
 r - a disc of storms
 w - a box of beasts {used: 2}
 O - a lantern of shadows
 S - a stone of tremors
Rods
 Y - a +0 rod of shadows (13/13)
   (You found it on level 7 of the Lair of Beasts)


   Skills:
 - Level 3.6 Fighting
 - Level 14.2 Long Blades
 + Level 12.1 Maces & Flails
 - Level 11.6 Armour
 - Level 8.0 Dodging
 - Level 17.3 Shields
 - Level 14.1 Evocations


You had 15 spell levels left.
You didn't know any spells.

Dungeon Overview and Level Annotations

Branches:
Dungeon (14/15)            Temple (1/1) D:7             Orc (0/4) D:12
   Lair (8/8) D:10          Swamp (0/5) Lair:3        Snake (0/5) Lair:6
  Slime (0/6) Lair:6       Vaults (0/5) D:14

Altars:
Ashenzari
Cheibriados
Dithmenos
Elyvilon
Fedhas
Kikubaaqudgha
Makhleb
Nemelex Xobeh
Okawaru
Sif Muna
Trog
Vehumet
Xom
Yredelemnul
Zin
The Shining One
Jiyva

Shops:
D:10 }

Annotations:
D:5 Eustachio


Innate Abilities, Weirdness & Mutations

You reflexively headbutt those who attack you in melee.
You have a pair of horns on your head.
You have hooves in place of feet.
You are surrounded by a mild repulsion field (EV +2).
You are partially covered in molten scales (AC +1).
You are partially covered in yellow scales (AC +2).
Your mind is very acute. (Int +4)
You digest meat inefficiently.
You have an increased reservoir of magic (+10% MP).
You can spit poison.
Your spells are a little harder to cast, but a little more powerful.
You evolve.


Message History

An orange demon comes into view.
You closely miss the hell hog. Your kick misses the hell hog.
Your headbutt misses the hell hog.
The hell hog is almost dead.
The Screaming Sword makes a horrifying noise.
The hell hogs and the orange demon are hurt by the noise.
You are covered in liquid flames!
You are covered in liquid flames!
* * * LOW HITPOINT WARNING * * *
Drink which item? (? for menu, Esc to quit)
Okay, then.
Read which item? (? for menu, Esc to quit)
Okay, then.
Evoke which item? (* to show all) (? for menu, Esc to quit)
Okay, then.
You start resting.
You are covered in liquid flames!
One of your 2 scrolls of remove curse catches fire!
You die...
Xom yawns loudly!

####
#@.#
##.#
.##
#.
##


There were no monsters in sight!

Vanquished Creatures
  3 tentacled starspawn (Abyss:1)
  Azrael (D:14)
  Snorg (Lair:3)
  A minotaur (Lab)
  A fire dragon (Lair:8)
  Fannar (Lair:2)
  10 hydras
  A rakshasa (Abyss:1)
  A sun demon (Abyss:1)
  2 thrashing horrors (Abyss:1)
  Nergalle (D:11)
  A shadow wraith (Abyss:1)
  2 wretched stars (Abyss:1)
  5 large abominations (Abyss:1)
  An unseen horror (D:13)
  2 ice statues (IceCv)
  4 hill giants
  A lindwurm (Lair:5)
  A red wasp (Lair:8)
  2 manticores (D:14)
  A griffon (Lair:4)
  An oklob plant (Lair:3)
  2 wolf spiders (Lair:8)
  5 cyclopes
  12 elephants (Lair:7)
  An iron dragon skeleton (Abyss:1)
  A guardian serpent (Lair:8)
  10 spiny frogs
  A tormentor (Abyss:1)
  17 black mambas
  4 smoke demons (Abyss:1)
  Psyche (D:13)
  A gargoyle (D:11)
  A kobold demonologist (D:13)
  An efreet (Abyss:1)
  A spiny frog (shapeshifter) (D:13)
  3 fire drakes
  A two-headed ogre (D:14)
  2 hellwings (Abyss:1)
  A polar bear (Lair:4)
  9 komodo dragons
  A queen bee (D:9)
  A raiju (Abyss:1)
  5 trolls
  6 blink frogs
  2 ancient zymes (Abyss:1)
  A hydra skeleton (D:11)
  A raven (Lair:8)
  A shadow (D:11)
  8 slime creatures
  2 grizzly bears
  An alligator skeleton (Abyss:1)
  A redback (Lair:8)
  59 yaks
  4 basilisks
  4 sharks
  4 wyverns
  5 fire elementals (D:14)
  2 wraiths
  An elephant slug (Lair:8)
  4 fire bats
  A human (D:9)
  A trapdoor spider (Lab)
  3 ugly things (D:13)
  13 hippogriffs
  4 vampire mosquitoes (D:13)
  A chaos spawn (Abyss:1)
  2 neqoxecs (Abyss:1)
  A vampire (D:13)
  3 steam dragons
  3 wolves (Lair:5)
  4 hungry ghosts
  7 mottled dragons
  A hill giant skeleton (D:14)
  2 soldier ants
  Menkaure (D:4)
  30 water moccasins
  18 ice beasts
  5 sky beasts
  5 small abominations (Abyss:1)
  6 hell hounds
  3 spiders (Lair:8)
  A swamp drake (Lair:8)
  5 porcupines
  An ogre skeleton (D:13)
  4 giant goldfish
  9 orc warriors
  A phantom (D:12)
  2 black bears
  6 centaurs
  6 ogres
  A yellow wasp (Lair:8)
  A boring beetle (Lair:8)
  Duvessa (D:8)
  20 crocodiles
  A brain worm (Abyss:1)
  14 giant frogs
  8 giant slugs
  2 big kobolds
  3 eyes of draining
  2 gnoll sergeants
  An earth elemental (Abyss:1)
  A yak zombie (D:11)
  4 scorpions
  32 killer bees
  2 electric eels (D:11)
  2 jellies
  10 wights
  Dowan (D:8)
  8 crimson imps
  7 quasits
  4 iron imps
  11 orc priests
  2 centaur zombies
  17 orc wizards
  8 hounds
  2 giant frog skeletons
  12 iguanas
  A big fish (Lair:2)
  24 sheep
  12 worker ants
  3 mummies
  A worker ant zombie (D:10)
  34 adders
  14 gnolls
  45 green rats
  A scorpion zombie (D:5)
  5 giant mites
  2 shadow imps
  16 white imps
  A worm (D:6)
  2 ufetubi
  An adder skeleton (D:10)
  An adder zombie (D:8)
  3 giant eyeballs
  12 giant geckos
  46 orcs
  A ball python (D:2)
  13 goblins
  15 hobgoblins
  23 jackals
  27 kobolds
  11 quokkas
  23 bats
  3 giant cockroaches (D:6)
  8 giant newts
  A giant spore (D:10)
  A kobold skeleton (D:5)
  3 orc skeletons
  An orc zombie (D:5)
  26 rats
  2 rat skeletons (D:4)
  2 ballistomycetes
  A butterfly (Lair:4)
  2 fungi
  5 plants
  2 starspawn tentacles (Abyss:1)
951 creatures vanquished.

Vanquished Creatures (collateral kills)
  A hydra (D:13)
  An unseen horror (D:13)
  A manticore (Lair:8)
  2 spiny frogs (Lair:8)
  A komodo dragon (Lair:8)
  A slime creature (D:12)
  A chimera (D:12)
  A hippogriff (D:12)
  7 yaks
  A crocodile (Lair:8)
  A big fish (Lair:2)
  A quasit (Lair:1)
  A worker ant (Lair:8)
  A shadow imp (Lair:1)
  An orc (D:6)
22 creatures vanquished.

Vanquished Creatures (others)
  An iron devil (D:14)
  A red devil (Lair:8)
  A neqoxec (Lair:8)
  2 earth elementals (D:12)
  A phantom (D:6)
  10 killer bees
  A wight (D:14)
  3 crimson imps
  A quasit (D:14)
  3 shadow imps
  6 white imps
  8 ufetubi
  An orc (D:13)
  A bat (Lair:7)
  A goblin (Lair:7)
  A giant spore (D:8)
  4 fungi
  4 plants
  15 starspawn tentacles (Abyss:1)
  59 starspawn tentacle segments (Abyss:1)
124 creatures vanquished.

Grand Total: 1097 creatures vanquished

Notes
Turn   | Place    | Note
--------------------------------------------------------------
     0 | D:1      | Sabsy, the Minotaur Chaos Knight, began the quest for the Orb.
     0 | D:1      | Reached XP level 1. HP: 19/19 MP: 1/1
    14 | D:1      | XOM: harmless Conj miscast
    47 | D:1      | XOM: harmless Erth miscast
   133 | D:1      | Reached skill level 4 in Maces & Flails
   155 | D:1      | Reached XP level 2. HP: 21/26 MP: 1/1
   487 | D:1      | Reached XP level 3. HP: 23/31 MP: 2/2
   629 | D:1      | XOM is BORED!
   629 | D:1      | XOM: harmless Tloc miscast
  1110 | D:2      | XOM: divination: detect items
  1833 | D:3      | XOM: harmless Ice miscast
  2037 | D:3      | Found a burning altar of Makhleb.
  2037 | D:3      | Noticed a blizzard demon
  2436 | D:4      | Reached skill level 5 in Maces & Flails
  2436 | D:4      | Reached XP level 4. HP: 39/39 MP: 2/2
  2667 | D:4      | Reached XP level 5. HP: 40/45 MP: 2/2
  2810 | D:4      | Noticed Menkaure
  2824 | D:4      | Killed Menkaure
  2824 | D:4      | Reached skill level 6 in Maces & Flails
  2824 | D:4      | Reached skill level 5 in Armour
  2872 | D:4      | Reached XP level 6. HP: 41/51 MP: 3/3
  2937 | D:4      | Noticed a scorpion
  2938 | D:4      | Noticed a scorpion
  2940 | D:4      | XOM: mild Hex miscast
  2941 | D:4      | Killed a scorpion
  2948 | D:4      | Killed a scorpion
  3094 | D:4      | XOM: harmless Ice miscast
  3121 | D:4      | XOM: summons 2 friendly demons
  3128 | D:4      | Reached skill level 7 in Maces & Flails
  3595 | D:5      | Entered Level 5 of the Dungeon
  3647 | D:5      | XOM: polymorph jackal -> adder
  3656 | D:5      | XOM: swap monsters
  3660 | D:5      | Reached XP level 7. HP: 48/57 MP: 3/3
  3911 | D:5      | Found a shattered altar of Ashenzari.
  3915 | D:5      | Reached skill level 5 in Long Blades
  4126 | D:5      | XOM: vitrification
  4193 | D:5      | Noticed Eustachio
  4196 | D:5      | XOM: 1-stop teleportation journey
  4440 | D:5      | XOM: god gift: 47 gold pieces
  4509 | D:6      | XOM is BORED!
  4509 | D:6      | XOM: summons 3 hostile demons
  4512 | D:6      | XOM: 5-stop teleportation journey
  4530 | D:6      | XOM: cast spell 'Blink'
  4557 | D:6      | Reached XP level 8. HP: 60/64 MP: 3/3
  4687 | D:6      | Reached skill level 8 in Long Blades
  5042 | D:6      | Reached skill level 9 in Long Blades
  5045 | D:6      | XOM: divine lightning (protected)
  5433 | D:7      | XOM: mild Conj miscast
  5469 | D:7      | XOM: scenery: 1 doors open, 1 doors close
  5481 | D:7      | XOM: mild Hex miscast
  5500 | D:7      | XOM: divination: detect items
  5505 | D:7      | Reached skill level 10 in Long Blades
  5814 | D:7      | Reached skill level 11 in Long Blades
  5814 | D:7      | Reached XP level 9. HP: 70/70 MP: 4/4
  5883 | D:7      | XOM: noise
  5924 | D:7      | Found a staircase to the Ecumenical Temple.
  6002 | Temple   | Entered the Ecumenical Temple
  6164 | D:7      | Paralysed by a giant eyeball for 3 turns
  6271 | D:7      | Found a radiant altar of Vehumet.
  6272 | D:7      | Found a bloodstained altar of Trog.
  6274 | D:7      | Found an ancient bone altar of Kikubaaqudgha.
  6499 | D:8      | Noticed Duvessa
  6500 | D:8      | Noticed Dowan
  6500 | D:8      | XOM: potion effect (invisibility)
  6507 | D:8      | Killed Duvessa
  6507 | D:8      | Reached skill level 12 in Long Blades
  6513 | D:8      | Killed Dowan
  7124 | D:9      | XOM: enchant monster (good)
  7131 | D:9      | Reached skill level 13 in Long Blades
  7138 | D:9      | XOM: cast spell 'Olgreb's Toxic Radiance'
  7144 | D:9      | Reached skill level 14 in Long Blades
  7150 | D:9      | XOM: give mutation
  7150 | D:9      | Gained mutation: Your mind is acute. (Int +2) [Xom's grace]
  7365 | D:9      | Reached XP level 10. HP: 64/77 MP: 4/4
  7443 | D:9      | XOM: god gift: stone of tremors
  7533 | D:9      | XOM: summons friendly chaos spawn
  7808 | D:9      | XOM is BORED!
  7808 | D:9      | XOM: give mutations
  7808 | D:9      | Gained mutation: You have sharp fingernails. [Xom's mischief]
  7808 | D:9      | Gained mutation: Your vision is a little blurry. [Xom's mischief]
  7830 | D:9      | XOM: vitrification
  7862 | D:9      | XOM: give mutations
  7862 | D:9      | Gained mutation: Your spells are a little harder to cast, but a little more powerful. [Xom's grace]
  7862 | D:9      | Gained mutation: You are agile. (Dex +2) [Xom's grace]
  7889 | D:9      | XOM: divination: detect items
  8076 | D:9      | Paralysed by a giant eyeball for 2 turns
  8337 | D:9      | XOM: divination: detect creatures
  8349 | D:9      | Noticed a hill giant
  8350 | D:9      | XOM: swap monsters
  8351 | D:9      | Reached skill level 10 in Armour
  8353 | D:9      | Killed a hill giant
  8356 | D:9      | XOM: inner flame monster(s)
  8432 | D:9      | XOM: god gift: 8 tomahawks of returning
  8494 | D:9      | XOM: god gift: granite ring {god gift}
  8554 | D:9      | XOM: 8-stop teleportation journey
  8584 | D:9      | XOM: god gift: scroll of blinking
  8698 | D:10     | Entered Level 10 of the Dungeon
  8698 | D:10     | Found Schaung's Gadget Shop.
  8809 | D:10     | Found a staircase to the Lair.
  8831 | Lair:1   | Entered Level 1 of the Lair of Beasts
  8994 | Lair:1   | Reached XP level 11. HP: 40/82 MP: 4/4
  9229 | Lair:1   | XOM: summons 2 friendly demons
  9233 | Lair:1   | XOM: summons 11 friendly demons
  9240 | Lair:1   | XOM: confuse monster(s)
  9252 | Lair:1   | Reached skill level 5 in Dodging
  9358 | Lair:1   | XOM: 9-stop teleportation journey
  9596 | Lair:1   | XOM: summons friendly shadow imp
  9625 | Lair:1   | XOM: give mutations
  9625 | Lair:1   | Gained mutation: Your spells are harder to cast, but more powerful. [Xom's grace]
  9625 | Lair:1   | Gained mutation: You have large cloven feet. [Xom's grace]
  9625 | Lair:1   | Gained mutation: You have hoof-like feet. [Xom's grace]
  9625 | Lair:1   | Gained mutation: You are surrounded by a mild repulsion field (EV +2). [Xom's grace]
  9687 | Lair:1   | XOM: silly message
  9856 | Lair:2   | XOM: summons 7 friendly demons
  9908 | Lair:2   | Noticed Fannar
  9923 | Lair:2   | XOM: god gift: faintly glowing hat {god gift}
  9924 | Lair:2   | XOM: summons friendly iron imp
  9925 | Lair:2   | XOM: cast spell 'Blink'
  9931 | Lair:2   | XOM: enchant monster (good)
  9936 | Lair:2   | Killed Fannar
  9938 | Lair:2   | Got a faintly glowing hat {god gift}
  9970 | Lair:2   | Identified the +0 hat "Traph" {+Rage MR+ Dex-5} (Xom gifted it to you on level 2 of the Lair of Beasts)
 10099 | Lair:2   | XOM: cast spell 'Flight'
 10155 | Lair:2   | Reached skill level 1 in Shields
 10382 | Lair:2   | XOM: colour smoke trail
 10599 | Lair:3   | Found a dark tunnel.
 10599 | Lair:3   | XOM: 5-stop teleportation journey
 10625 | Lair:3   | XOM: harmless Conj miscast
 10631 | Lair:3   | XOM: summons 5 friendly demons
 10632 | Lair:3   | XOM: harmless Chrm miscast
 10652 | Lair:3   | Reached skill level 5 in Shields
 10706 | Volcano  | Entered a volcano
 10775 | Volcano  | XOM: divination: detect creatures
 10825 | Volcano  | XOM: divination: magic mapping
 10956 | Volcano  | XOM: harmless Pois miscast
 11549 | Lair:3   | Got a pitted mace
 11552 | Lair:3   | Identified the cursed +2,-1 mace of the Volcano {freeze, rPois rC- SInv} (You found it on level 3 of the Lair of Beasts)
 11599 | Lair:3   | XOM: silly message
 11623 | Lair:3   | XOM: enchant monster (bad)
 11696 | Lair:3   | Noticed a four-headed hydra
 11712 | Lair:3   | Killed a four-headed hydra
 11777 | Lair:3   | XOM: vitrification
 11909 | Lair:3   | Noticed Snorg
 11922 | Lair:3   | Killed Snorg
 12058 | Lair:3   | Found a staircase to the Swamp.
 12136 | Lair:3   | XOM: summons friendly ufetubus
 12142 | Lair:3   | XOM: enchant monster (bad)
 12169 | Lair:3   | XOM: polymorph plant -> oklob plant
 12173 | Lair:3   | XOM: give mutations
 12173 | Lair:3   | Lost mutation: Your spells are harder to cast, but more powerful. [Xom's mischief]
 12173 | Lair:3   | Lost mutation: Your spells are a little harder to cast, but a little more powerful. [Xom's mischief]
 12179 | Lair:3   | Reached XP level 12. HP: 68/90 MP: 5/5
 12253 | Lair:3   | XOM: summons 1 hostile demon
 12453 | Lair:4   | Paralysed by a potion of paralysis for 3 turns
 12641 | Lair:4   | Reached skill level 10 in Shields
 12762 | Lair:4   | XOM: colour smoke trail
 12869 | Lair:4   | XOM: blink monster(s)
 13241 | Lair:4   | XOM: confuse monster(s)
 13294 | Lair:5   | XOM: confuse monster(s)
 13368 | Lair:5   | XOM: divination: detect items
 13652 | Lair:5   | Noticed a four-headed hydra
 13652 | Lair:5   | XOM: divination: detect items
 13667 | Lair:5   | Killed a four-headed hydra
 13728 | Lair:5   | Noticed a six-headed hydra
 13735 | Lair:5   | XOM: divination: detect items
 13736 | Lair:5   | Killed a six-headed hydra
 13823 | Lair:5   | XOM: polymorph blink frog -> fire bat
 13825 | Lair:5   | XOM: enchant monster (good)
 14340 | Lair:6   | Noticed an eight-headed hydra
 14343 | Lair:6   | XOM: swap monsters
 14349 | Lair:6   | Killed an eight-headed hydra
 14416 | Lair:6   | XOM: god gift: 8 tomahawks of returning
 14440 | Lair:6   | XOM: 2-stop teleportation journey
 14450 | Lair:6   | XOM: summons friendly crimson imp
 14498 | Lair:6   | XOM: noise
 14527 | Lair:6   | XOM: divination: detect creatures
 14531 | Lair:6   | XOM: noise
 14548 | Lair:6   | XOM is BORED!
 14548 | Lair:6   | XOM: noise
 14551 | Lair:6   | Noticed a six-headed hydra
 14560 | Lair:6   | XOM: blink monster(s)
 14563 | Lair:6   | XOM: blink monster(s)
 14590 | Lair:6   | XOM: mild Tloc miscast
 14593 | Lair:6   | Killed a six-headed hydra
 14593 | Lair:6   | Reached XP level 13. HP: 36/95 MP: 5/5
 14703 | Lair:5   | XOM: noise
 14898 | Lair:5   | XOM: colour smoke trail
 14949 | Lair:6   | Found a staircase to the Slime Pits.
 14950 | Lair:6   | Found a viscous altar of Jiyva.
 14955 | Lair:6   | XOM is BORED!
 14955 | Lair:6   | XOM: medium Pois miscast
 15011 | Lair:6   | Found a staircase to the Snake Pit.
 15020 | Lair:6   | Reached skill level 15 in Shields
 15121 | Lair:6   | XOM: mild Hex miscast
 15133 | Lair:6   | XOM: summons 1 hostile demon
 15299 | Lair:7   | XOM: enchant monster (bad)
 15302 | Lair:7   | Found a labyrinth entrance.
 15302 | Lair:7   | XOM: 3-stop teleportation journey
 15324 | Lab      | Entered a labyrinth
 15413 | Lab      | XOM: noise
 15416 | Lab      | XOM: confusion (+ monsters)
 15438 | Lab      | Got an ancient flail
 15446 | Lab      | XOM: divination: detect items
 15462 | Lab      | Identified the +9,+3 flail of a Thousand Eyes {crush, Str+2} (You took it off a minotaur in a labyrinth)
 15462 | Lab      | XOM: mild Summ miscast
 15485 | Lab      | Identified a +4 rod of striking (14/14) (You found it in a labyrinth)
 15550 | Lair:7   | XOM: blink monster(s)
 15553 | Lair:7   | XOM: 1-stop teleportation journey
 15554 | Lair:7   | XOM: give mutations
 15554 | Lair:7   | Gained mutation: You have an increased reservoir of magic (+10% MP). [Xom's grace]
 15554 | Lair:7   | Gained mutation: You have hooves in place of feet. [Xom's grace]
 15554 | Lair:7   | Gained mutation: You have a slow metabolism. [Xom's grace]
 15554 | Lair:7   | Gained mutation: You are partially covered in molten scales (AC +1). [Xom's grace]
 15591 | Lair:7   | XOM: 1-stop teleportation journey
 15615 | Lair:7   | Reached skill level 16 in Shields
 15615 | Lair:7   | XOM: harmless Tloc miscast
 15689 | Lair:7   | XOM: confuse monster(s)
 15695 | Lair:7   | XOM: confusion
 15772 | Lair:7   | XOM: potion effect (haste)
 15783 | Lair:7   | XOM: enchant monster (bad)
 15802 | Lair:7   | Reached skill level 17 in Shields
 15892 | Lair:7   | XOM: summons 2 friendly demons
 15968 | Lair:7   | Identified a +0 rod of shadows (13/13) (You found it on level 7 of the Lair of Beasts)
 16200 | Lair:7   | Reached skill level 1 in Evocations
 16201 | Lair:7   | XOM: harmless Necr miscast
 16233 | Lair:7   | Reached XP level 14. HP: 100/102 MP: 5/20
 16234 | Lair:7   | Lost mutation: You have a slow metabolism. [potion of mutation]
 16234 | Lair:7   | Lost mutation: Your vision is a little blurry. [potion of mutation]
 16512 | Lair:7   | XOM: enchant monster (good)
 16539 | Lair:8   | Entered Level 8 of the Lair of Beasts
 17002 | Lair:8   | XOM: cast spell 'Summon Swarm'
 17026 | Lair:8   | XOM: polymorph water moccasin -> raven
 17039 | Lair:8   | XOM: medium Trmt miscast
 17140 | Lair:8   | Gained mutation: You digest meat inefficiently. [mutagenic glow]
 17239 | Lair:8   | XOM: enchant monster (bad)
 17522 | Lair:8   | XOM: vitrification
 17555 | Lair:8   | XOM: summons 9 friendly demons
 17579 | Lair:8   | Reached XP level 15. HP: 103/107 MP: 26/26
 17618 | Lair:8   | Reached skill level 10 in Evocations
 17903 | Lair:8   | XOM: give mutations
 17903 | Lair:8   | Gained mutation: You can spit poison. [Xom's grace]
 17903 | Lair:8   | Gained mutation: Your spells are a little harder to cast, but a little more powerful. [Xom's grace]
 18135 | Lair:8   | XOM: give mutation
 18135 | Lair:8   | Gained mutation: Your mind is very acute. (Int +4) [Xom's grace]
 18216 | Lair:8   | XOM: colour smoke trail
 18374 | Lair:8   | XOM: summons 8 friendly demons
 18425 | Lair:8   | XOM: mild Fire miscast
 18464 | Lair:8   | XOM: enchant monster (good)
 18567 | Lair:8   | XOM: harmless Tloc miscast
 18790 | Lair:4   | XOM: silly message
 18798 | Lair:4   | XOM: colour smoke trail
 18861 | Lair:3   | Noticed a seven-headed hydra
 19010 | Lair:2   | Upgraded the game from 0.14.0-15-g6b16f67 to 0.14.0-18-g0341e45
 19112 | D:10     | XOM: mild Fire miscast
 19300 | D:10     | XOM: mild Conj miscast
 19795 | D:11     | XOM: divination: detect items
 19941 | D:11     | XOM: potion effect (berserk rage)
 19994 | D:11     | Noticed Nergalle
 20005 | D:11     | Killed Nergalle
 20374 | D:11     | XOM: cast spell 'Cause Fear'
 20744 | D:12     | Found a frozen archway.
 20790 | IceCv    | Entered an ice cave
 20792 | IceCv    | XOM: divination: magic mapping
 20865 | IceCv    | XOM: cast spell 'Confusing Touch'
 20866 | IceCv    | XOM: enchant monster (good)
 20871 | IceCv    | XOM: cast spell 'Stoneskin'
 20876 | IceCv    | XOM: cast spell 'Stoneskin'
 20911 | IceCv    | Got a pair of smoking boots
 21125 | D:12     | XOM: silly message
 21266 | D:12     | Found a burning altar of Makhleb.
 21270 | D:12     | Found a staircase to the Orcish Mines.
 21344 | D:12     | XOM: confuse monster(s)
 21348 | D:12     | XOM: divine lightning
 21458 | D:12     | XOM: god gift: dagger {god gift}
 21673 | D:12     | XOM: vitrification
 21733 | D:13     | Noticed Psyche
 21741 | D:13     | Killed Psyche
 21745 | D:13     | Found a white marble altar of Elyvilon.
 21813 | D:13     | XOM: inner flame monster(s)
 22029 | D:13     | XOM: harmless Hex miscast
 22045 | D:13     | XOM: 4-stop teleportation journey
 22108 | D:13     | Got a slimy scale mail
 22131 | D:13     | Identified the cursed -1 scale mail of a ziggurat {Str-1 Dex+3} (You found it on level 13 of the Dungeon)
 22136 | D:13     | XOM: god gift: wide paperback book {god gift}
 22283 | D:13     | XOM: inner flame monster(s)
 22439 | D:13     | XOM: god gift: scroll of teleportation
 22590 | D:13     | Lost mutation: You are agile. (Dex +2) [mutagenic meat]
 22591 | D:13     | Lost mutation: You have sharp fingernails. [mutagenic meat]
 22915 | D:13     | XOM: god gift: scratched ivory ring {god gift}
 22958 | D:13     | XOM: 2-stop teleportation journey
 23120 | D:13     | Gained mutation: You are clumsy. (Dex -2) [mutagenic meat]
 23122 | D:13     | Lost mutation: You are clumsy. (Dex -2) [mutagenic meat]
 23253 | D:14     | Noticed Azrael
 23259 | D:14     | Killed Azrael
 23544 | D:14     | Paralysed by a giant eyeball for 3 turns
 23551 | D:14     | Paralysed by a giant eyeball for 4 turns
 23613 | D:14     | Identified the +2 pair of boots "Mejitaq" {rC+ rN+ Acc+4} (You found it in an ice cave)
 23669 | D:14     | XOM: summons 3 friendly demons
 23754 | D:14     | XOM: god gift: scroll labeled MAAXITWELIA
 23934 | D:14     | XOM: enchant monster (good)
 24028 | D:14     | Found a gate to the Vaults.
 24032 | D:14     | Cast into the Abyss (wizard)
 24189 | Abyss:1  | XOM: god gift: 42 gold pieces
 24193 | Abyss:1  | Noticed a tentacled starspawn
 24209 | Abyss:1  | Killed a tentacled starspawn
 24213 | Abyss:1  | Noticed a tentacled starspawn
 24235 | Abyss:1  | Killed a tentacled starspawn
 24330 | Abyss:1  | Reached XP level 16. HP: 69/115 MP: 24/31
 24334 | Abyss:1  | XOM: noise
 24335 | Abyss:1  | Noticed a tentacled starspawn
 24348 | Abyss:1  | Found a corrupted altar of Lugonu.
 24516 | Abyss:1  | XOM: god gift: paperback book {god gift}
 24528 | Abyss:1  | Reached skill level 10 in Maces & Flails
 24616 | Abyss:1  | XOM: give mutations
 24616 | Abyss:1  | Gained mutation: You are partially covered in yellow scales (AC +2). [Xom's grace]
 24616 | Abyss:1  | Gained mutation: You evolve. [Xom's grace]
 24742 | Abyss:1  | Lost intelligence.
 24786 | Abyss:1  | XOM: swap monsters
 24809 | Abyss:1  | XOM: swap monsters
 24832 | Abyss:1  | XOM: vitrification
 24845 | Abyss:1  | Noticed a tentacled starspawn
 24860 | Abyss:1  | Killed a tentacled starspawn
 25126 | Abyss:1  | XOM: god gift: glowing hat {god gift}
 25144 | Abyss:1  | XOM: vitrification
 25245 | Abyss:1  | XOM: god gift: 2020 gold pieces
 25290 | Abyss:1  | Noticed a tentacled starspawn
 25383 | Abyss:1  | XOM: divination: detect items
 25540 | Abyss:1  | XOM: summons 2 friendly demons
 25547 | Abyss:1  | XOM: summons 2 friendly demons
 25552 | Abyss:1  | XOM: mild Trmt miscast
 25555 | Abyss:1  | XOM: summons 1 friendly demon
 25558 | Abyss:1  | HP: 5/115 [burnt (2)]
 25560 | Abyss:1  | HP: 2/115 [burnt (4)]
 25561 | Abyss:1  | Incinerated by a hell hog

Action                   |  1- 3 |  4- 6 |  7- 9 | 10-12 | 13-15 | 16-18 || total
-------------------------+-------+-------+-------+-------+-------+-------++-------
Melee: Mace              |    56 |       |       |       |       |       ||    56
       Whip              |    52 |    66 |       |    38 |    12 |       ||   168
       Bastard sword     |       |    12 |   319 |   652 |  1159 |   190 ||  2332
       Flail             |       |       |       |       |    36 |       ||    36
       Morningstar       |       |       |       |       |    92 |       ||    92
Throw: Tomahawk          |       |       |       |     4 |       |       ||     4
       Javelin           |       |       |       |     3 |       |       ||     3
 Abil: Evoke Berserk Rag |     1 |     1 |     6 |    14 |    13 |       ||    35
       Evoke Flight      |       |       |       |     1 |       |       ||     1
       Spit Poison       |       |       |       |       |     1 |       ||     1
       Evoke Invisibilit |       |       |       |       |       |     1 ||     1
Evoke: Wand              |     1 |       |     3 |    11 |    44 |     3 ||    62
       Rod               |       |       |       |       |     2 |       ||     2
       Box of beasts     |       |       |       |       |     5 |       ||     5
       Disc of storms    |       |       |       |       |     4 |       ||     4
       Stone of tremors  |       |       |       |       |     1 |       ||     1
  Use: Scroll            |     8 |     3 |       |    11 |    17 |     6 ||    45
       Potion            |     3 |     3 |     2 |    17 |    15 |     7 ||    47
 Stab: Invisible         |       |       |     5 |       |       |     1 ||     6
       Confused          |       |       |       |     4 |     3 |       ||     7
       Petrified         |       |       |       |     1 |       |       ||     1
       Distracted        |       |       |       |       |     1 |       ||     1
       Paralysed         |       |       |       |       |     1 |       ||     1
